 Dungeon Crawl Stone Soup version 0.26.0-16-gc1dbca0489 (webtiles) character file.

Game seed: 15274965582283048644

1237 Descartes the Conjurer (level 8, -2/41 HPs)
             Began as a Deep Elf Conjurer on Jan 20, 2021.
             Was an Initiate of Vehumet.
             Slain by a sky beast (6 damage)
             ... on level 5 of the Dungeon.
             The game lasted 00:15:30 (6439 turns).

Descartes the Conjurer (Deep Elf Conjurer)          Turns: 6439, Time: 00:15:30

Health: -2/41      AC:  5    Str:  4    XL:     8   Next: 24%
Magic:  27/28      EV: 16    Int: 26    God:    Vehumet [......]
Gold:   357        SH:  5    Dex: 13    Spells: 9/19 levels left

rFire    . . .     SeeInvis .   a - +0 dagger
rCold    . . .     Faith    .   C - +0 buckler
rNeg     . . .     Spirit   .   c - +0 leather armour
rPois    .         Reflect  .   (no helmet)
rElec    .         Harm     .   I - +1 cloak
rCorr    .         Rampage  .   (no gloves)
Will     .....                  (no boots)
Stlth    ++........             g - amulet of magic regeneration
HPRegen  0.13/turn              E - +4 ring of evasion (curse)
MPRegen  0.46/turn              q - ring of magical power

@: no status effects
A: no striking features
a: Renounce Religion


You were on level 5 of the Dungeon.
You worshipped Vehumet.
Vehumet was noncommittal.
You visited 2 branches of the dungeon, and saw 6 of its levels.

You collected 357 gold pieces.

Inventory:

Hand Weapons
 a - a +0 dagger (weapon)
 b - a +0 hunting sling
 v - a +2 flail of holy wrath
 J - a +0 arbalest
Missiles
 n - 216 stones
 r - 64 arrows
 A - 8 boomerangs of dispersal (quivered)
 D - 15 bolts
 G - 53 sling bullets
 M - 2 boomerangs
Armour
 c - a +0 leather armour (worn)
 h - a +0 robe
 w - a +2 scale mail of willpower
 y - a +2 tower shield
 C - a +0 buckler (worn)
 I - a +1 cloak (worn)
Jewellery
 g - an amulet of magic regeneration (around neck)
 k - an uncursed ring of resist corrosion
 q - a ring of magical power (right hand)
 E - a cursed +4 ring of evasion (left hand)
 K - an uncursed ring of poison resistance
Wands
 H - a wand of flame (13)
Scrolls
 d - 2 scrolls of teleportation {unknown}
 j - a scroll of fog {unknown}
 u - 6 scrolls of amnesia {unknown}
 x - a scroll of random uselessness {unknown}
 B - 2 scrolls of fear {unknown}
 F - 3 scrolls of remove curse {unknown}
 L - a scroll of enchant weapon {unknown}
 N - a scroll of immolation {unknown}
Potions
 e - 2 potions of heal wounds
 f - 3 potions of haste
 i - a potion of flight
 l - a potion of might
 m - 2 potions of resistance
 o - 5 potions of lignification
 p - 4 potions of curing
 s - a potion of magic
 t - a potion of invisibility {unknown}
 z - a potion of cancellation {unknown}
 O - a potion of brilliance {unknown}


   Skills:
 - Level 4.0 Dodging
 - Level 4.0 Stealth
 * Level 3.9 Shields
 + Level 6.2 Spellcasting
 * Level 7.7 Conjurations
 + Level 2.7 Hexes
 + Level 2.0 Evocations


You had 9 spell levels left.
You knew the following spells:

 Your Spells              Type           Power        Failure   Level
a - Magic Dart            Conj           100%         1%          1
b - Searing Ray           Conj           96%          1%          2
c - Dazzling Flash        Conj/Hex       70%          4%          3
d - Fulminant Prism       Conj/Hex       17%          14%         4

Your spell library contained the following spells:

 Spells                   Type           Power        Failure   Level
 Iskenderun's Mystic Bla  Conj/Tloc      28%          26%         4


Dungeon Overview and Level Annotations

Branches:
Dungeon (5/15)             Temple (1/1) D:4

Altars:
Ashenzari
Cheibriados
Dithmenos
Elyvilon
Fedhas
Gozag
Hepliaklqana
Kikubaaqudgha
Makhleb
Okawaru
Qazlal
Ru
Sif Muna
Uskayaw
Vehumet
Wu Jian
Yredelemnul
Zin
The Shining One

Annotations:
D:2 1 runed translucent door, Crazy Yiuf


Message History

You closely miss something. Something hits you but does no damage.
You barely miss something. Something barely misses you.
You hit something. Something hits you.
* * * LOW HITPOINT WARNING * * *
Something shocks you.
* * * LOW HITPOINT WARNING * * *
You miss something.
A sky beast appears from thin air!
Reactivating autopickup.
The sky beast misses you.
Casting: Magic Dart (safe; 1% risk of failure)
Confirm with . or Enter, or press ? or * to list all spells.
Aiming: Magic Dart (safe; 1% risk of failure)
Press: ? - help, Shift-Dir - straight line, f/p - sky beast
Aim: a sky beast (rain, severely wounded, 0% to evade)
The magic dart hits the sky beast but does no damage.
The sky beast is severely wounded.
The sky beast hits you.
* * * LOW HITPOINT WARNING * * *
The sky beast shocks you.
You die...

########.....#########
#......+....).........
.##.....##..............
........................
#..)..##..............
#...≈.##.....#+###....
#.##.....#.# #.### #Y##.....#.#
#.# #@##.....#.# #.# #
#.#.######.# #.###.###
........##.# #.##.....
#.###.##.########.##..#.#
#.#.....................#.#
#..........########.###.#..
############................###
#.........###.##...####.###....
#.........# #..#...............


You could see a sky beast.

Vanquished Creatures
  The ghost of jeanjacques the Sneak, an amateur DDDe (D:5)
  Duvessa (D:4)
  A sky beast (D:5)
  2 ogres
  A centaur (D:5)
  Dowan (D:4)
  2 jellies (D:5)
  2 hounds
  2 bullfrog skeletons (D:5)
  A centaur skeleton (D:5)
  4 orc priests
  An iguana (D:4)
  Terence (D:1)
  A worker ant (D:5)
  6 adders
  3 shadow imps (D:5)
  An ufetubus (D:5)
  An ooze (D:1)
  An adder zombie (D:5)
  2 adder skeletons
  2 worms (D:2)
  3 dart slugs
  The ghost of happy the Sneak, a weakling FeDe (D:5)
  4 leopard geckos
  17 orcs
  10 bats
  2 giant cockroaches
  5 goblins
  11 hobgoblins
  6 frilled lizards
  5 kobolds
  5 rats
106 creatures vanquished.

Notes
Turn   | Place    | Note
-------+----------+-------------------------------------------
     0 | D:1      | Descartes the Deep Elf Conjurer began the quest for the
                  | Orb.
     0 | D:1      | Reached XP level 1. HP: 10/10 MP: 6/6
   183 | D:1      | Reached XP level 2. HP: 15/15 MP: 2/8
   689 | D:1      | Reached XP level 3. HP: 19/19 MP: 6/9
  1087 | D:2      | Found a glowing golden altar of the Shining One.
  1295 | D:2      | Reached skill level 5 in Conjurations
  1562 | D:2      | Reached XP level 4. HP: 24/24 MP: 11/11
  1621 | D:2      | Noticed Terence
  1694 | D:1      | Killed Terence
  1963 | D:2      | Found a broken altar of Ashenzari.
  2150 | D:2      | Found a runed translucent door.
  2151 | D:2      | Noticed Crazy Yiuf
  2309 | D:3      | Reached XP level 5. HP: 28/28 MP: 13/13
  2315 | D:3      | Reached skill level 1 in Shields
  2380 | D:3      | Found a hazy altar of Hepliaklqana.
  2629 | D:3      | Found a snail-covered altar of Cheibriados.
  3206 | D:4      | Noticed Dowan
  3210 | D:4      | Noticed Duvessa
  3235 | D:4      | Killed Dowan
  3236 | D:4      | Reached skill level 6 in Conjurations
  3236 | D:4      | Reached XP level 6. HP: 32/32 MP: 14/14
  3427 | D:4      | Found a radiant altar of Vehumet.
  4007 | D:4      | Reached skill level 5 in Spellcasting
  4180 | D:4      | Killed Duvessa
  4181 | D:4      | Reached XP level 7. HP: 36/36 MP: 14/16
  4584 | D:4      | Found a white marble altar of Elyvilon.
  4640 | D:4      | Found a staircase to the Ecumenical Temple.
  4646 | Temple   | Entered the Ecumenical Temple
  4893 | D:5      | Entered Level 5 of the Dungeon
  4927 | D:4      | Became a worshipper of Vehumet
  4952 | D:4      | Learned a level 2 spell: Searing Ray
  4956 | D:4      | Learned a level 3 spell: Dazzling Flash
  4961 | D:4      | Learned a level 4 spell: Fulminant Prism
  4972 | D:5      | Found a runed translucent gate.
  4976 | D:5      | Found a runed translucent gate.
  4976 | D:5      | Noticed jeanjacques's ghost (amateur DDDe)
  4976 | D:5      | Noticed happy's ghost (weakling FeDe)
  4977 | D:5      | Found a runed translucent gate.
  4995 | D:5      | Killed jeanjacques's ghost
  4996 | D:5      | Reached skill level 7 in Conjurations
  4996 | D:5      | Reached skill level 1 in Hexes
  4999 | D:5      | Killed happy's ghost
  5203 | D:5      | Found a shadowy altar of Dithmenos.
  5286 | D:5      | Reached skill level 1 in Evocations
  5600 | D:5      | Reached XP level 8. HP: 38/41 MP: 18/18
  5930 | D:5      | Found an opulent altar of Gozag.
  6439 | D:5      | Slain by a sky beast

Illustrated notes

Levels and vault maps discovered:
D:1:      noname_arrival_rooms_in_the_neighbourhood, layout_basic
D:2:      layout_basic, overflow_temple_1_default, dk_vineyard_3,
          ashenzari_altar_1, uniq_crazy_yiuf_cottage, uniq_terence
D:3:      layout_rooms, overflow_temple_1_default, marbit_many_paths,
          minmay_strange_pillars
D:4:      layout_cave_pools, vehumet_altar_wand_db, elyvilon_altar_5,
          minmay_temple_entry_fiery, grunt_ministairs_9, uniq_duvessa
D:5:      layout_basic, nicolae_overflow_crystal_walls, grunt_dithmenos_shadows,
          gammafunk_ghost_cemetery
Temple:   hc_temple_tempest_star

Skill      XL: |  1  2  3  4  5  6  7  8 |
---------------+-------------------------+-----
Stealth        | 3 4 |  4.0
Dodging        | 3 4 |  4.0
Conjurations   | 5 6 7 |  7.7
Spellcasting   | 4 5 6 |  6.2
Shields        | 1 2 3 |  3.9
Hexes          | 2 |  2.7
Evocations     | 1 2 |  2.0

Action                   |  1- 3 |  4- 6 |  7- 9 || total
-------------------------+-------+-------+-------++-------
Melee: Dagger            |       |       |    18 ||    18
       Hunting sling     |       |       |     2 ||     2
 Fire: Hunting sling     |     1 |       |       ||     1
 Cast: Magic Dart        |    77 |   165 |   123 ||   365
Evoke: Wand              |       |     5 |       ||     5
  Use: Potion            |       |     2 |     2 ||     4
       Scroll            |       |       |     5 ||     5
 Stab: Sleeping          |       |       |     1 ||     1
Armor: Leather armour    |       |     4 |    16 ||    20
       Skin              |       |    13 |       ||    13
Dodge: Dodged            |     2 |    32 |    31 ||    65
Block: Buckler           |       |     5 |    10 ||    15
